 Dungeon Crawl Stone Soup version 0.24.0 (webtiles) character file.

Game seed: 4624013793813815195, levelgen mode: deterministic

116 RonnieColeman the Conjurer (level 5, 0/31 HPs)
             Began as an Octopode Conjurer on Apr 16, 2020.
             Succumbed to an adder's poison
             ... on level 2 of the Dungeon.
             The game lasted 00:04:03 (1371 turns).

RonnieColeman the Conjurer (Octopode Conjurer)      Turns: 1371, Time: 00:04:03

Health: 0/31       AC:  1    Str:  8    XL:     5   Next: 0%
Magic:  10/10      EV: 19    Int: 18    God:
Gold:   36         SH:  0    Dex: 17    Spells: 10/11 levels left

rFire    . . .     SeeInvis .   d - +0 spear (venom)
rCold    . . .     Gourm    .   (no shield)
rNeg     . . .     Faith    .   (helmet restricted)
rPois    .         Spirit   .   (no amulet)
rElec    .         Reflect  .   (no ring)
rCorr    .         Harm     .   (no ring)
MR       .....                  (no ring)
Stlth    ++++......             (no ring)
HPRegen  0.10/turn              (no ring)
MPRegen  0.12/turn              (no ring)
                                (no ring)
                                (no ring)

@: agile, lethally poisoned (0 -> -8)
A: almost no armour, stealthy swim, amphibious, 8 rings, constrict 8, camouflage
1, gelatinous body 1
a: no special abilities


You were on level 2 of the Dungeon.
You were hungry.

You visited 1 branch of the dungeon, and saw 2 of its levels.

You collected 36 gold pieces.

Inventory:

Hand Weapons
 a - a +0 dagger
 d - a +0 spear of venom (weapon)
Scrolls
 f - a scroll of blinking {unknown}
 h - a scroll of teleportation {unknown}
Comestibles
 b - 4 rations


   Skills:
 - Level 2.0 Dodging
 - Level 2.6 Stealth
 * Level 3.9 Spellcasting
 + Level 4.8 Conjurations


You had 10 spell levels left.
You knew the following spells:

 Your Spells              Type           Power        Failure   Level  Hunger
a - Magic Dart            Conj           ###.         1%          1    None

Your spell library contained the following spells:

 Spells                   Type           Power        Failure   Level  Hunger
 Searing Ray              Conj           ###...       3%          2    ##.....
 Dazzling Spray           Conj/Hex       ##....       17%         3    ###....
 Iskenderun's Mystic Bla  Conj           ###.....     21%         4    ####...
 Force Lance              Conj/Tloc      ##......     50%         4    ####...
 Fulminant Prism          Conj/Hex       ##........   50%         4    ####...


Dungeon Overview and Level Annotations

Branches:
Dungeon (2/15)

Altars:


Innate Abilities, Weirdness & Mutations

You cannot wear most types of armour.
You are very stealthy in the water. (Stealth+)
You are amphibious.
You can wear up to eight rings at the same time.
You can use your tentacles to constrict eight enemies at once.
Your skin changes colour to match your surroundings (Stealth+).
Your rubbery body absorbs attacks. (AC +1, EV +1)


Message History

The gnoll is lightly wounded.
* * * LOW HITPOINT WARNING * * *
You feel sick. The gnoll barely misses you.
You barely miss the gnoll. You grab the gnoll. You squeeze the gnoll.
The gnoll is severely wounded.
You constrict the gnoll, but do no damage.
* * * LOW HITPOINT WARNING * * *
You feel sick. The gnoll closely misses you.
You hit the gnoll but do no damage.
The gnoll looks as sick as possible!
The gnoll is severely wounded.
You constrict the gnoll.
* * * LOW HITPOINT WARNING * * *
You feel sick.
You kill the gnoll!
You have reached level 5!
You feel stronger.
You aren't carrying any potions.
As you read the scroll labeled ULUFOITSAE, it crumbles to dust.
The scroll dissolves into smoke.
It was a scroll of fog.
You die...

####.# #........
#....# #(.......
#.######........
#.#......#.##### #
#.#........# .#
#.#.####.##########.#
#.#..........>......#
......#...######§§..#
#.#.#.#...# #@§§.#
....#.#...##..§§§§..#
....#.#...#.......§##
....# #...#.....##.#
....# #...#..... .#
....# #...#..... .#
....# #..... .# ....#
# #..... ....#....


There were no monsters in sight!

Vanquished Creatures
  A worker ant (D:2)
  4 gnolls
  2 adders
  2 dart slugs (D:1)
  2 giant cockroaches (D:1)
  5 hobgoblins
  5 bats
  2 frilled lizards (D:1)
  5 goblins (D:1)
  4 kobolds (D:1)
  5 rats (D:1)
37 creatures vanquished.

Notes
Turn   | Place    | Note
-------+----------+-------------------------------------------
     0 | D:1      | RonnieColeman the Octopode Conjurer began the quest for the
                  | Orb.
     0 | D:1      | Reached XP level 1. HP: 11/11 MP: 3/3
   173 | D:1      | Reached XP level 2. HP: 14/17 MP: 1/5
   353 | D:1      | Reached XP level 3. HP: 17/21 MP: 0/7
   879 | D:2      | Reached XP level 4. HP: 27/27 MP: 9/9
  1370 | D:2      | HP: 1/27 [poisoned by an adder]
  1370 | D:2      | Reached XP level 5. HP: 1/31 MP: 10/10
  1371 | D:2      | Succumbed to an adder's poison

Levels and vault maps discovered:
D:1:      nagdon_arrival_zigzag_paths, layout_basic
D:2:      cheibrodos_pilgrimage, layout_basic, first_ration
